 Dungeon Crawl Stone Soup version 0.25.1-2-g60ff931df9 (webtiles) character file.

Game seed: 15240175317516859537

541 DogServant the Chiller (level 7, -2/36 HPs)
             Began as a Deep Elf Ice Elementalist on Oct 17, 2020.
             Killed by divine providence
             ... invoked by an orc priest
              (12 damage)
             ... on level 5 of the Dungeon.
             The game lasted 00:09:14 (4859 turns).

DogServant the Chiller (Deep Elf Ice Elementalist)  Turns: 4859, Time: 00:09:14

Health: -2/36      AC:  3    Str:  5    XL:     7   Next: 5%
Magic:  8/16       EV: 15    Int: 22    God:
Gold:   194        SH:  0    Dex: 15    Spells: 8/16 levels left

rFire    . . .     SeeInvis .   g - +2 short sword (vamp)
rCold    . . .     Gourm    .   (no shield)
rNeg     . . .     Faith    .   a - +0 robe
rPois    .         Spirit   .   s - +0 helmet
rElec    .         Reflect  .   (no cloak)
rCorr    .         Harm     .   (no gloves)
MR       .....                  (no boots)
Stlth    +++.......             (no amulet)
HPRegen  0.12/turn              n - ring of stealth
MPRegen  0.15/turn              (no ring)

@: no status effects
A: no striking features
a: no special abilities


You were on level 5 of the Dungeon.
You were not hungry.

You visited 1 branch of the dungeon, and saw 5 of its levels.

You collected 194 gold pieces.

Inventory:

Hand Weapons
 g - a +2 vampiric short sword (weapon)
Missiles
 k - 12 poisoned darts (quivered)
Armour
 a - a +0 robe (worn)
 s - a +0 helmet (worn)
Jewellery
 n - a ring of stealth (left hand)
Scrolls
 q - a scroll of fear
Potions
 b - 5 potions of curing
 f - a potion of invisibility
 h - 3 potions of resistance
 i - 2 potions of haste
 j - a potion of mutation {unknown}
Comestibles
 c - 4 rations
 d - 6 chunks of flesh


   Skills:
 + Level 5.6 Dodging
 - Level 2.4 Stealth
 - Level 5.0 Spellcasting
 + Level 2.9 Summonings
 + Level 6.5 Ice Magic


You had 8 spell levels left.
You knew the following spells:

 Your Spells              Type           Power        Failure   Level  Hunger
a - Freeze                Ice            ####         1%          1    None
b - Frozen Ramparts       Ice            ####..       1%          3    ##.....
c - Summon Ice Beast      Ice/Summ       ####....     14%         4    ####...

Your spell library contained the following spells:

 Spells                   Type           Power        Failure   Level  Hunger
 Ozocubu's Armour         Chrm/Ice       ###.....     8%          3    ##.....
 Hailstorm                Conj/Ice       ###.....     26%         4    ####...


Dungeon Overview and Level Annotations

Branches:
Dungeon (5/15)
 Temple: D:4-7

Altars:
Ashenzari
Kikubaaqudgha
Uskayaw
Vehumet

Annotations:
D:4 Grinder


Message History

The bullfrog skeleton hits your ice beast.
Your ice beast hits the bullfrog skeleton.
The bullfrog skeleton is destroyed!
The wall freezes the orc priest.
The orc priest invokes the aid of Beogh against you.
Beogh smites you!
You hear a shout!
You swap places.
The frozen ramparts melt away.
The orc priest hits you with a +0 dagger.
* * * LOW HITPOINT WARNING * * *
Casting: Freeze (safe; 1% risk of failure)
Confirm with . or Enter, or press ? or * to list all spells.
Aiming: Freeze (safe; 1% risk of failure)
Press: ? - help, Shift-Dir - straight line, f - orc priest
Aim: an orc priest, wielding a +0 dagger (lightly wounded)
You freeze the orc priest!
The orc priest is heavily wounded.
The orc priest mumbles some strange prayers to Beogh against you.
Beogh smites you!
You die...

############
..o...... .#
........# .#
#o# .#
#Z##.#
#.#Y.#
#.#@## #.)o#
#.........
#...######
..#.# ##.#.#
..#.# ####..
..


You could see an orc priest and a friendly ice beast (summoned).

Vanquished Creatures
  An ogre (D:4)
  A centaur (D:4)
  An orc priest (D:3)
  A bullfrog skeleton (D:4)
  Terence (D:2)
  2 iguanas (D:4)
  2 worker ants (D:4)
  2 orc wizards
  8 adders
  An ooze (D:2)
  A worm (D:2)
  4 dart slugs
  7 leopard geckos
  5 orcs
  5 giant cockroaches
  11 goblins
  9 hobgoblins
  2 jackals (D:2)
  A quokka (D:3)
  4 bats
  8 frilled lizards
  A jackal zombie (D:3)
  6 kobolds
  6 rats (D:1)
90 creatures vanquished.

Vanquished Creatures (collateral kills)
  A bullfrog skeleton (D:5)
1 creature vanquished.

Grand Total: 91 creatures vanquished

Notes
Turn   | Place    | Note
-------+----------+-------------------------------------------
     0 | D:1      | DogServant the Deep Elf Ice Elementalist began the quest
                  | for the Orb.
     0 | D:1      | Reached XP level 1. HP: 10/10 MP: 6/6
    99 | D:1      | Reached XP level 2. HP: 5/15 MP: 0/8
   793 | D:1      | Reached XP level 3. HP: 13/19 MP: 7/10
  1461 | D:2      | Learned a level 3 spell: Frozen Ramparts
  1480 | D:2      | Reached skill level 5 in Ice Magic
  1587 | D:2      | Noticed Terence
  1600 | D:2      | Killed Terence
  1600 | D:2      | Reached XP level 4. HP: 24/24 MP: 4/12
  1752 | D:2      | Found a shattered altar of Ashenzari.
  2481 | D:2      | Found a radiant altar of Vehumet.
  2481 | D:2      | Found a hide-covered altar of Uskayaw.
  2905 | D:3      | Found an ancient bone altar of Kikubaaqudgha.
  2928 | D:3      | Reached XP level 5. HP: 26/28 MP: 7/14
  3186 | D:3      | Reached skill level 5 in Spellcasting
  3264 | D:3      | Learned a level 4 spell: Summon Ice Beast
  4105 | D:4      | Noticed an ogre
  4164 | D:4      | Killed an ogre
  4164 | D:4      | Reached skill level 1 in Summonings
  4164 | D:4      | Reached XP level 6. HP: 32/32 MP: 11/15
  4219 | D:4      | Reached skill level 5 in Dodging
  4219 | D:4      | Reached skill level 6 in Ice Magic
  4777 | D:4      | Noticed Grinder
  4840 | D:5      | Entered Level 5 of the Dungeon
  4854 | D:5      | Reached XP level 7. HP: 22/36 MP: 9/16
  4859 | D:5      | Killed from afar by an orc priest

Illustrated notes

Levels and vault maps discovered:
D:1:      onia_arrival_mini_maze, layout_rooms, minmay_misc_feat_four_crosses,
          chequers_avenue
D:2:      layout_basic, gammafunk_temple_overflow_elements,
          ashenzari_conservatory_becter, minmay_tromino_v2, uniq_terence
D:3:      cheibrodos_greedy_goblins, layout_basic, kiku_gazebo_pond_becter
D:4:      layout_gridville, uniq_grinder
D:5:      layout_loops_ring, kennysheep_little_box, first_ration,
          uniq_crazy_yiuf_cottage, uniq_blork_the_orc

Skill      XL: |  1  2  3  4  5  6 |
---------------+-------------------+-----
Dodging        | 3 4 5 |  5.6
Ice Magic      | 5 6 |  6.5
Spellcasting   | 4 5 |  5.0
Summonings     | 1 2 |  2.9
Stealth        | |  2.4

Action                   |  1- 3 |  4- 6 |  7- 9 || total
-------------------------+-------+-------+-------++-------
Melee: Dagger            |     9 |       |       ||     9
       Short sword       |    16 |    48 |       ||    64
 Cast: Freeze            |    38 |    36 |     2 ||    76
       Frozen Ramparts   |     3 |    15 |       ||    18
       Summon Ice Beast  |       |     2 |       ||     2
  Use: Scroll            |     2 |     6 |       ||     8
 Stab: Sleeping          |     4 |     8 |       ||    12
  Eat: Chunk             |     2 |     8 |       ||    10
       Ration            |       |     1 |       ||     1
Armor: Robe              |    11 |     4 |       ||    15
Dodge: Dodged            |    41 |    54 |       ||    95
